 Dungeon Crawl Stone Soup version 0.29.1-2-gbd0b4ee654 (webtiles) character file.

Game seed: 2685566205308629677

81 KittyFluff the Cudgeller (level 4, -2/43 HPs)
             Began as a Gargoyle Berserker on Nov 16, 2022.
             Was a Believer of Trog.
             Slain by an orc
             ... wielding a +0 trident
              (5 damage)
             ... on level 3 of the Dungeon.
             The game lasted 00:08:48 (2295 turns).

KittyFluff the Cudgeller (Gargoyle Berserker)       Turns: 2295, Time: 00:08:48

Health: -2/43      AC:  7    Str: 20    XL:     4   Next: 40%
Magic:  4/4        EV: 12    Int:  8    God:    Trog [**....]
Gold:   134        SH:  0    Dex: 11    Spells: 3/3 levels left

rFire   . . .      SeeInvis .   a - +0 mace
rCold   . . .      Faith    .   (no shield)
rNeg    + . .      Spirit   .   b - +0 animal skin
rPois   ∞          Reflect  .   l - +1 helmet
rElec   +          Harm     .   (no cloak)
rCorr   .          Rampage  .   (no gloves)
Will    .....                   (no boots)
Stlth   ..........              (no amulet)
HPRegen 0.14/turn               (no ring)
MPRegen 0.09/turn               (no ring)

@: berserking, very quick
A: sickness immunity, AC +3, negative energy resistance 1, electricity
resistance, torment resistance 1, petrification resistance
a: Renounce Religion, Berserk, Trog's Hand


You were on level 3 of the Dungeon.
You worshipped Trog.
Trog was pleased with you.
You visited 1 branch of the dungeon, and saw 3 of its levels.

You collected 134 gold pieces.

Inventory:

Hand Weapons
 a - a +0 mace (weapon)
Missiles
 m - 8 poisoned darts (quivered)
Armour
 b - a +0 animal skin (worn)
 k - a +1 leather armour of poison resistance
 l - a +1 helmet (worn)
Scrolls
 c - a scroll of magic mapping {unknown}
 d - a scroll of summoning {unknown}
 e - 2 scrolls of enchant weapon {unknown}
 i - a scroll of noise {unknown}
 j - a scroll of teleportation {unknown}
 o - a scroll of identify {unknown}
 q - a scroll of blinking {unknown}
Potions
 f - 2 potions of mutation {unknown}
 g - 2 potions of degeneration {unknown}
 h - a potion of lignification {unknown}
 n - a potion of heal wounds {unknown}
 p - a potion of haste {unknown}
 r - a potion of attraction {unknown}


   Skills:
 + Level 3.8 Fighting
 + Level 3.9 Maces & Flails
 * Level 2.8 Armour
 + Level 1.9 Dodging
 + Level 1.4 Stealth


You had 3 spell levels left.
You didn't know any spells.
Your spell library was empty.

Dungeon Overview and Level Annotations

Branches:
Dungeon (3/15)

Altars:
Xom
Zin

Shops:
D:2 :


Innate Abilities, Weirdness & Mutations

You are immune to sickness and miasma.
Your stone body is resilient. (AC +3)
You are immune to poison.
You resist negative energy. (rN+)
You are resistant to electric shocks. (rElec)
You are resistant to unholy torment.
You are immune to petrification.


Message History

You hit the orc.
The orc is almost dead.
The orc completely misses you. The orc closely misses you.
You closely miss the orc.
The orc is almost dead.
The orc barely misses you.
The orc hits you from afar with a +0 trident.
You closely miss the orc.
The orc is almost dead.
The orc hits you with a +0 flail!
* * * LOW HITPOINT WARNING * * *
The orc hits you but does no damage.
You sock the orc!
You kill the orc!
Trog accepts your kill. The orc misses you.
A red film seems to cover your vision as you go berserk!
You feel yourself moving faster!
You feel mighty!
The orc hits you from afar with a +0 trident.
* * * LOW HITPOINT WARNING * * *
The rat barely misses you.
You hit the rat.
You kill the rat!
Trog accepts your kill. The orc barely misses you.
You barely miss the orc. The orc completely misses you.
The orc closely misses you.
You barely miss the orc. The orc closely misses you. x2
You barely miss the orc. The orc hits you with a +0 dagger.
* * * LOW HITPOINT WARNING * * *
The orc closely misses you.
You barely miss the orc. You hit the orc.
The orc is heavily wounded.
The orc hits you but does no damage. The orc hits you with a +0 dagger.
* * * LOW HITPOINT WARNING * * *
You completely miss the orc.
The orc is heavily wounded.
The orc hits you from afar with a +0 trident.
You die...

#" #. .. #. # # # #.
.#### #. #.#.#.##....#
#..####....o......#
#.....###.##o####.#
#.###.# #@# #.#
#.###.###.##.# #.#
#.........##.# #.#
#.###.######.# #.# #
#.###.######.# #<# #
#............# #.#
#####.###..##########.#
......###.....<.......#
####†.##...##########.#


You could see 2 orcs.

Vanquished Creatures
  2 adders (D:2)
  A worm (D:2)
  2 dart slugs
  3 orcs (D:3)
  2 ball pythons (D:2)
  4 bats
  7 endoplasms
  3 giant cockroaches
  9 goblins
  5 hobgoblins
  2 jackals (D:1)
  A frilled lizard (D:1)
  2 kobolds (D:1)
  4 rats
47 creatures vanquished.

Notes
Turn   | Place    | Note
-------+----------+-------------------------------------------
     0 | D:1      | KittyFluff the Gargoyle Berserker began the quest for the
                  | Orb.
     0 | D:1      | Reached XP level 1. HP: 14/14 MP: 1/1
   225 | D:1      | Reached XP level 2. HP: 17/19 MP: 2/2
   736 | D:1      | Reached XP level 3. HP: 22/23 MP: 3/3
   911 | D:2      | Found Mosi's Book Shop.
  1314 | D:2      | Reached ** piety under Trog
  1420 | D:2      | Reached XP level 4. HP: 21/29 MP: 4/4
  1710 | D:2      | Found a faded altar of an unknown god.
  1744 | D:2      | Reached skill level 1 in Stealth
  2089 | D:3      | Found a shimmering altar of Xom.
  2089 | D:3      | Noticed an angel
  2168 | D:3      | Found a glowing silver altar of Zin.
  2295 | D:3      | Slain by an orc

Illustrated notes

Levels and vault maps discovered:
D:1:      dpeg_arrival_connections, layout_loops_corners, minmay_misc_feat_doors
D:2:      layout_loops_corners, serial_shops, shop,
          shapermc_ecumenical_altar_venn
D:3:      layout_loops_ring, grunt_temple_overflow_order_and_chaos_1

Skill      XL: |  1  2  3  4 |
---------------+-------------+-----
Stealth        | 1 |  1.4
Fighting       | |  3.8
Maces & Flails | |  3.9
Armour         | |  2.8
Dodging        | |  1.9

Action                   |  1- 3 |  4- 6 || total
-------------------------+-------+-------++-------
Melee: Mace              |    98 |    50 ||   148
Invok: Berserk           |       |     1 ||     1
 Stab: Sleeping          |     3 |     2 ||     5
Armor: Animal skin       |    35 |    17 ||    52
Dodge: Dodged            |    63 |    32 ||    95
